Rothe, chaotic female vampiric Wizard --- --- --.----.-- ----II..|...| |..III.)...-- --.%.@I....-- |........--- |........| ---.....- |.).| ---.--- |...| ---------.--- ..-- ----..........| |..<------.|.....------- -.......).)..%%-.# -------------...| --..| ---- Rothe the Thaumaturge Experience level: 6 Strength: 10 Dexterity: 8 Constitution: 16 Intelligence: 20 Wisdom: 13 Charisma: 12 Health: 0(45) Energy: 86(86) AC: 7 Gold: 592 Moves: 2230 Your Inventory: Coins $ - 592 gold pieces Weapons a - a blessed +2 quarterstaff (weapon in hands) Armor b - an uncursed burnt +0 cloak of magic resistance o - an [uncursed] +0 elven cloak (being worn) u - an [uncursed] +0 pair of hard shoes [iron] (being worn) Scrolls B - a [cursed] unlabeled scroll [of blank paper] Spellbooks l - a blessed spellbook of force bolt m - an uncursed spellbook of cause fear Potions h - an uncursed potion of blindness r - a [blessed] potion of blindness A - a [blessed] potion of extra healing Rings d - an uncursed +2 ring of gain intelligence (on right hand) e - an uncursed ring of teleportation Wands c - an uncursed wand of cold (0:4) Tools s - 4 [uncursed] partly used [tallow] candles (lit) w - an [uncursed wax] candle y - an [uncursed] lock pick C - an [uncursed tallow] candle Gems p - an [uncursed] violet gem [amethyst] q - an [uncursed] green gem [aquamarine] t - 3 [uncursed] yellowish brown gems [worthless glass] v - an [uncursed] red gem [worthless glass] z - a cursed gray stone [loadstone] D - 2 [uncursed] violet gems [worthless glass] Spells known in the end: Name Level Category Fail Memory a - force bolt 1 attack 0% [||||||||] b - cause fear 3 enchantment 0% [||||||||] Your skills at the end: Fighting Skills Weapon Skills quarterstaff [Basic / Expert] Spellcasting Skills attack spells [Basic / Expert] enchantment spells [Basic / Skilled] Final Attributes: You were piously aligned. Hunger level was 628. Your alignment was 20 / 21. Monster difficulty range was 0 - 5. Level difficulty was 5. You were immune to level-drain. You were blinded. You saw invisible. You were stealthy. You could fly. You could survive without air. You regenerated. Your luck was zero. You are dead. Vanquished creatures: a pony a yellow light 3 shriekers a gnome lord a golden naga hatchling a giant ant a kitten 5 dwarves a rabid rat a gas spore a red mold 19 gnomes a gecko a jackal a fox 2 kobolds a goblin a sewer rat 2 grid bugs 6 lichens 3 newts 54 creatures vanquished. Voluntary challenges: You used a wielded weapon 40 times. You read items or engraved 3 times. You put on armor 3 times. You never genocided any monsters. You never polymorphed an object. You never changed form. You used no wishes. You never wrote Elbereth's name. You never encountered a bones level. You never used any Sokoban shortcuts. Dungeon overview: The Dungeons of Doom: levels 1 to 3 Level 1 a long staircase Level 2 an altar Level 3 stairs to The Gnomish Mines The Gnomish Mines: levels 4 to 5 Level 4 stairs to The Dungeons of Doom Level 5 <- You were here History has recorded: On T:1 you entered the Dungeons of Doom to retrieve the Amulet of Yendor! On T:402 you advanced to experience level 2. On T:726 you advanced to experience level 3. On T:757 you reached level 2 of The Dungeons of Doom. On T:1167 you reached level 3 of The Dungeons of Doom. On T:1192 you advanced to experience level 4. On T:1421 you reached level 1 of The Gnomish Mines. On T:1458 you advanced to experience level 5. On T:1627 you advanced to experience level 6. On T:2098 you reached level 2 of The Gnomish Mines. Latest messages: You have a little trouble lifting D - 2 violet gems. It bites! [HP-2=41] [2 turns] Something squeals! You feel hemmed in. It bites! [HP-1=40] Wait! There's something there you can't see! It bites! (4x) It misses. [HP-14=26] It just misses! It bites! (6x) [HP-16=10] [2 turns] You hit it. You bite it. It bites! (2x) It misses. It bites! You die... Final status: Goodbye Rothe the Wizard... You died in The Gnomish Mines on dungeon level 5 with 1959 points, and 592 pieces of gold, after 2230 moves. You were level 6 with a maximum of 45 hit points when you died.